 Dungeon Crawl Stone Soup version 0.23.1 (webtiles) character file.

Game seed: 12381657887605614679

203912 Hasart the Geomancer (level 17, -16/132 HPs)
             Began as a Demigod Earth Elementalist on Mar 2, 2019.
             Demolished by an iron troll (35 damage)
             ... on level 1 of the Depths.
             The game lasted 03:03:41 (54915 turns).

Hasart the Geomancer (Demigod Earth Elementalist)  Turns: 54915, Time: 03:03:42

Health: -16/132    AC: 21    Str: 11    XL:     17   Next: 74%
Magic:  1/37       EV: 14    Int: 42    God:
Gold:   1516       SH: 11    Dex: 18    Spells: 14/39 levels left

rFire    . . .     SeeInvis .   S - +2 demon blade "Balith" {freeze, +Blink rPois rN+ Dex+2}
rCold    . . .     Gourm    .   Z - +0 shield {AC+3}
rNeg     + . .     Faith    .   G - +1 leather armour "Ocomihiv" {*Corrode rElec Int+6}
rPois    +         Spirit   .   A - +0 helmet {Int+3}
rElec    +         Reflect  .   U - +2 cloak {MR+}
rCorr    .         Harm     .   M - +2 pair of gloves
MR       ++...                  O - +0 pair of boots
Stlth    ++........             H - amulet of regeneration
HPRegen  0.72/turn              J - +5 ring of protection
MPRegen  0.25/turn              E - +4 ring of intelligence

@: no status effects
A: high mp 1
a: Evoke Blink


You were on level 1 of the Depths.
You were not hungry.

You visited 5 branches of the dungeon, and saw 27 of its levels.
You also visited: Sewer, Ossuary and Bailey.

You collected 4177 gold pieces.
You spent 2661 gold pieces at shops.

Inventory:

Hand Weapons
 D - the +4 spear of Blind Justice {pierce, rC++}
   (You bought it in a shop on level 2 of the Orcish Mines)

   It inflicts extra damage upon your enemies.
   It greatly protects you from cold.
 Q - the +4 long sword of Ompo Henk {slice, rElec MR++}
   (You bought it in a shop on level 2 of the Elven Halls)

   It inflicts extra damage upon your enemies.
   It insulates you from electricity.
   It affects your resistance to hostile enchantments.
 S - the +2 demon blade "Balith" (weapon) {freeze, +Blink rPois rN+ Dex+2}
   (You took it off a deep elf high priest on level 3 of the Elven Halls)

   It has been specially enchanted to freeze those struck by it, causing extra
   injury to most foes and up to half again as much damage against particularly
   susceptible opponents.
   It can also slow down cold-blooded creatures.
   It affects your dexterity (+2).
   It protects you from poison.
   It protects you from negative energy.
   It lets you blink.
Armour
 A - a +0 helmet of intelligence (worn)
 C - a scarf of cloud immunity
 G - the +1 leather armour "Ocomihiv" (worn) {*Corrode rElec Int+6}
   (You found it on level 5 of the Dungeon)

   It affects your intelligence (+6).
   It insulates you from electricity.
   It may corrode you when you take damage.
 M - a +2 pair of gloves (worn)
 O - a +0 pair of boots (worn)
 U - a +2 cloak of magic resistance (worn)
 Z - a +0 shield of protection (worn)
Magical Staves
 X - an uncursed staff of wizardry
Jewellery
 j - an uncursed ring of magical power
 E - a +4 ring of intelligence (right hand)
 H - an amulet of regeneration (around neck)
 J - a +5 ring of protection (left hand)
 N - an uncursed ring of protection from cold
 P - an uncursed ring of resist corrosion
 T - an uncursed ring of fire
 V - an uncursed ring of flight
 W - an uncursed ring of protection from magic
 Y - an uncursed ring of positive energy
Wands
 c - a wand of disintegration (31)
 s - a wand of iceblast (26)
 u - a wand of scattershot (5)
 I - a wand of clouds (3)
 K - a wand of digging (10)
 L - a wand of acid (8)
Scrolls
 a - 4 scrolls of remove curse
 b - 23 scrolls of identify
 f - 6 scrolls of amnesia
 g - 6 scrolls of fear
 k - 8 scrolls of teleportation
 n - 4 scrolls of magic mapping
 q - 2 scrolls of holy word
 v - 5 scrolls of enchant armour
 z - 3 scrolls of enchant weapon
 F - 4 scrolls of blinking
Potions
 e - 9 potions of curing
 l - 5 potions of heal wounds
 m - 10 potions of mutation
 p - 5 potions of ambrosia
 r - 3 potions of invisibility
 x - 5 potions of haste
 B - 3 potions of resistance
Miscellaneous
 o - a fan of gales
Comestibles
 d - 23 rations


   Skills:
 - Level 7.0 Fighting
 - Level 4.0 Long Blades
 - Level 5.0 Armour
 - Level 5.0 Dodging
 - Level 1.7 Stealth
 + Level 9.8 Shields
 + Level 11.6 Spellcasting
 - Level 11.0 Conjurations
 - Level 9.0 Hexes
 - Level 3.0 Charms
 * Level 12.8 Summonings
 - Level 3.0 Necromancy
   Level 0.8 Transmutations
 - Level 5.0 Fire Magic
 - Level 14.1 Earth Magic
 + Level 6.0 Evocations


You had 14 spell levels left.
You knew the following spells:

 Your Spells              Type           Power        Failure   Level  Hunger
a - Stone Arrow           Conj/Erth      ######       1%          3    None
b - Sandblast             Erth           ######       0%          1    None
c - Summon Mana Viper     Hex/Summ       #######.     1%          5    None
d - Mephitic Cloud        Conj/Pois/Air  ######..     2%          3    None
e - Bolt of Magma         Conj/Fire/Erth #######...   1%          5    None
f - Lee's Rapid Deconstr  Erth           #######...   1%          5    None
u - Regeneration          Chrm/Necr      #####.....   2%          3    None

Your spell library contained the following spells:

 Spells                   Type           Power        Failure   Level  Hunger
 Summon Butterflies       Summ           #######.     0%          1    None
 Summon Small Mammal      Summ           ####         0%          1    None
 Animate Skeleton         Necr           N/A          1%          1    None
 Confusing Touch          Hex            ######       1%          1    None
 Magic Dart               Conj           ####         1%          1    None
 Sting                    Conj/Pois      ####         1%          1    None
 Passwall                 Tmut/Erth      ######..     1%          2    None
 Searing Ray              Conj           ######       1%          2    None
 Throw Flame              Conj/Fire      ######       1%          2    None
 Call Canine Familiar     Summ           #######.     1%          3    None
 Dazzling Spray           Conj/Hex       ######       1%          3    None
 Static Discharge         Conj/Air       ######..     1%          3    None
 Fulminant Prism          Conj/Hex       #######...   1%          4    None
 Iskenderun's Mystic Bla  Conj           #######.     1%          4    None
 Petrify                  Tmut/Erth      ######..     1%          4    None
 Beastly Appendage        Tmut           ####..       2%          1    None
 Shroud of Golubria       Chrm/Tloc      #####.....   2%          2    None
 Swiftness                Chrm/Air       #####...     2%          2    None
 Vampiric Draining        Necr           #####.....   2%          3    None
 Summon Ice Beast         Ice/Summ       ######..     2%          4    None
 Summon Lightning Spire   Summ/Air       ######..     2%          4    None
 Apportation              Tloc           ###...       3%          1    None
 Sticks to Snakes         Tmut           ####....     3%          2    None
 Force Lance              Conj/Tloc      ######..     3%          4    None
 Poisonous Vapours        Pois/Air       ###...       4%          2    None
 Bolt of Draining         Conj/Necr      ######....   4%          5    None
 Irradiate                Conj/Tmut      ######....   8%          5    None
 Spider Form              Tmut/Pois      ####......   9%          3    None
 Venom Bolt               Conj/Pois      ######....   10%         5    None
 Darkness                 Hex            #######...   12%         6    ##.....
 Invisibility             Hex            #######.     12%         6    ##.....
 Summon Hydra             Summ           #######...   14%         7    #####..
 Statue Form              Tmut/Erth      ######...    24%         6    ##.....
 Ice Form                 Ice/Tmut       ####....     26%         4    None
 Olgreb's Toxic Radiance  Pois           ###.....     32%         4    None
 Passage of Golubria      Tloc           N/A          32%         4    None
 Blade Hands              Tmut           ####......   54%         5    None
 Hydra Form               Tmut           ####......   98%         6    ##.....
 Ring of Flames           Chrm/Fire      ######....   99%         7    #####..
 Dragon Form              Tmut           ####......   100%        7    #####..
 Dragon's Call            Summ           #######...   100%        9    #######


Dungeon Overview and Level Annotations

Branches:
Dungeon (15/15)            Temple (0/1) D:7            Lair (6/6) D:8
 Shoals (0/4) Lair:3       Spider (0/4) Lair:3        Slime (0/5) Lair:5
    Orc (2/2) D:9             Elf (3/3) Orc:2        Vaults (0/5) D:14
 Depths (1/5) D:15

Shops:
D:12 [   Orc:1 (   Orc:2 :(}((   Elf:1 **[(   Elf:2 (   Elf:3 }

Portals:
Hell: Depths:1
Abyss: Depths:1
Ziggurat: Depths:1
Trove: D:14 (give 9 potions of haste)

Annotations:
D:12 Lanoc's ghost, journeyman DsGl
Elf:2 3 runed translucent doors


Innate Abilities, Weirdness & Mutations

You have an increased reservoir of magic. (+10% MP)


Message History

Aiming: Corrosive Bolt
Press: ? - help, Shift-Dir - straight line, f/p - iron troll
Aim: an iron troll (severely wounded, fast, unusually strong)
The bolt of acid hits the iron troll but does no damage.
The iron troll is severely wounded.
Evoke which item? (* to show all) (? for menu, Esc to quit)
Aiming: Disintegrate
Press: ? - help, Shift-Dir - straight line, f/p - iron troll
Aim: an iron troll (severely wounded, fast, unusually strong, chance to defeat MR: 22%)
Okay, then.
Evoke which item? (* to show all) (? for menu, Esc to quit)
Aiming: Scattershot
Press: ? - help, Shift-Dir - straight line, f/p - iron troll
Aim: an iron troll (severely wounded, fast, unusually strong)
The burst of metal fragments hits the iron troll but does no damage. x6
The burst of metal fragments hits the iron troll.
The burst of metal fragments hits the iron troll but does no damage. x2
The iron troll is severely wounded.
The iron troll bites you!!
You die...

#.......[.## ..#
#..........##..#
#...........#..#
#.>............#
#......(.#.....#
#........##....#
#........###...#####
#..................#
#....@.........###..
#....T...####.##
#........# ##
#........#
#........#.#
#.........#
#........##
#........#
#........#


You could see an iron troll.

Vanquished Creatures
  Bai Suzhen (Elf:3)
  Nikola (Elf:3)
  Rupert (D:13)
  A quicksilver dragon (shapeshifter) (Elf:1)
  2 deep elf master archers (Elf:3)
  A deep elf blademaster (Elf:3)
  A frost giant (Depths:1)
  An orc warlord (Orc:2)
  12 deep elf sorcerers (Elf:3)
  5 deep elf elementalists (Elf:3)
  A stone giant (Depths:1)
  3 deep elf demonologists (Elf:3)
  6 deep elf annihilators (Elf:3)
  4 spark wasps (Depths:1)
  The ghost of misha the Impaler, a journeyman MfBe of Trog (D:12)
  3 ettins (Depths:1)
  2 fire dragons
  4 deep elf high priests (Elf:3)
  7 deep elf death magi
  Josephine (D:10)
  2 rakshasas (Depths:1)
  2 ogre magi
  Fannar (D:10)
  7 hydras
  14 two-headed ogres
  A catoblepas (D:15)
  An anaconda (Lair:4)
  A deep troll earth mage (Depths:1)
  3 tengu warriors
  A deep troll shaman (Depths:1)
  3 death yaks (Lair:5)
  12 dancing weapons
  A vampire mage (Depths:1)
  3 orc high priests (Orc:2)
  Urug (Orc:1)
  14 deep elf knights
  9 skeletal warriors
  3 deep trolls (Depths:1)
  A death drake (shapeshifter) (D:14)
  3 unseen horrors
  3 wizards
  12 deep elf archers
  17 ugly things
  7 orc knights
  A golden dragon skeleton (Depths:1)
  A necromancer (Depths:1)
  45 deep elf magi
  5 oklob plants
  6 orc sorcerers (Orc:2)
  A fire giant zombie (Depths:1)
  2 manticores
  4 cyclopes
  A guardian serpent (shapeshifter) (Depths:1)
  Maurice (Orc:1)
  An elephant (D:8)
  8 black mambas
  4 molten gargoyles (D:14)
  Joseph (D:9)
  11 spiny frogs
  A kobold demonologist (Depths:1)
  7 yaktaurs
  A yaktaur (shapeshifter) (Depths:1)
  A rime drake (shapeshifter) (Elf:1)
  7 komodo dragons
  3 freezing wraiths (D:15)
  2 efreet (D:14)
  A troll (shapeshifter) (Elf:3)
  A redback zombie (D:15)
  2 tengu conjurers (D:15)
  5 hornets
  4 jumping spiders (Lair:3)
  9 polar bears (Lair:6)
  3 trolls
  9 hippogriffs
  4 slime creatures
  2 dream sheep (Lair:6)
  3 redbacks (Lair:3)
  A snapping turtle (Lair:3)
  A spriggan skeleton (Depths:1)
  2 shadows
  6 water elementals
  5 air elementals
  13 spriggans
  5 wraiths (D:10)
  5 fire elementals
  16 yaks
  2 basilisks
  A human (shapeshifter) (Elf:1)
  5 wyverns
  Grum (D:8)
  3 vampire mosquitoes (D:12)
  A steam dragon (D:9)
  Edmund (D:6)
  A warg (shapeshifter) (D:15)
  2 acid dragons
  2 wargs
  20 water moccasins
  A floating eye (Lair:2)
  4 porcupines
  12 ice beasts
  29 orc warriors
  2 black bears
  4 sky beasts
  A hornet zombie (Ossuary)
  15 ogres
  2 phantoms (D:4)
  26 wolves
  4 boggarts (Lair:6)
  11 centaurs
  13 crocodiles
  9 big kobolds
  5 earth elementals
  A wyvern zombie (D:11)
  16 bullfrogs
  A wyvern skeleton (D:10)
  3 scorpions
  3 killer bees (D:11)
  14 wights
  3 howler monkeys
  An electric eel (Lair:4)
  5 bullfrog zombies (Ossuary)
  A lava snake (D:14)
  5 crimson imps
  9 centaur zombies
  9 hounds
  29 orc priests
  8 jellies
  2 bullfrog skeletons
  A gnoll shaman (D:4)
  32 orc wizards
  2 centaur skeletons
  8 iguanas
  11 mummies (Ossuary)
  Ijyb (D:3)
  7 hell rats (Lair:4)
  11 worker ants
  A killer bee zombie (Ossuary)
  2 hound zombies
  4 hound skeletons
  4 worker ant zombies
  3 howler monkey zombies
  A howler monkey skeleton (D:5)
  12 gnolls
  14 adders
  2 river rats (Sewer)
  An ooze (Sewer)
  4 adder zombies
  An adder skeleton (D:9)
  8 worms
  A dart slug (D:3)
  3 leopard geckos (D:6)
  96 orcs
  8 giant cockroaches
  10 goblins
  10 hobgoblins
  9 jackals
  62 kobolds
  2 quokkas
  7 ball pythons
  6 bats
  5 frilled lizards
  2 giant cockroach zombies (Ossuary)
  2 gnoll zombies (D:3)
  A jackal skeleton (D:5)
  A leopard gecko skeleton (D:6)
  A quokka skeleton (D:5)
  A quokka zombie (Ossuary)
  15 rats
  A fungus (Lair:2)
  2 plants
1053 creatures vanquished.

Vanquished Creatures (collateral kills)
  Mara (Elf:3)
  Kirke (D:15)
  A deep elf sorcerer (Elf:3)
  Louise (Elf:1)
  A stone giant (D:15)
  2 deep elf annihilators (Elf:3)
  A great orb of eyes (Depths:1)
  An ogre mage (D:15)
  A deep elf high priest (Elf:3)
  2 rakshasas (Depths:1)
  A two-headed ogre (D:15)
  3 dancing weapons
  4 deep elf knights
  A wizard (D:15)
  8 deep elf magi
  An ugly thing (Depths:1)
  A yaktaur (D:15)
  A shadow (D:15)
  A water elemental (Elf:1)
  2 hogs (D:15)
35 creatures vanquished.

Vanquished Creatures (others)
  3 humans (D:15)
  An orc (Orc:2)
  A bush (Lair:6)
  11 fungi
  5 plants
  6 withered plants (D:12)
27 creatures vanquished.

Grand Total: 1115 creatures vanquished

Notes
Turn   | Place    | Note
-------+----------+-------------------------------------------
     0 | D:1      | Hasart the Demigod Earth Elementalist began the quest for
                  | the Orb.
     0 | D:1      | Reached XP level 1. HP: 14/14 MP: 5/5
   392 | D:1      | Reached skill level 3 in Earth Magic
   774 | D:1      | Reached XP level 2. HP: 20/20 MP: 7/7
  1195 | D:2      | Reached XP level 3. HP: 26/26 MP: 8/8
  1208 | D:2      | Learned a level 3 spell: Stone Arrow
  1622 | D:3      | Noticed Ijyb
  1631 | D:3      | Killed Ijyb
  1631 | D:3      | Reached skill level 4 in Earth Magic
  1631 | D:3      | Reached XP level 4. HP: 28/33 MP: 9/10
  1710 | D:3      | Found a hide-covered altar of Uskayaw.
  1841 | D:3      | Found a glowing drain.
  1852 | Sewer    | Entered a sewer
  1968 | Sewer    | Reached XP level 5. HP: 38/38 MP: 11/11
  2032 | Sewer    | Reached skill level 1 in Conjurations
  2350 | Sewer    | Reached skill level 1 in Fighting
  2350 | Sewer    | Reached XP level 6. HP: 40/47 MP: 13/13
  2881 | D:3      | Found a basalt altar of Yredelemnul.
  3384 | D:4      | Learned a level 5 spell: Lee's Rapid Deconstruction
  3560 | D:4      | Reached XP level 7. HP: 43/53 MP: 4/15
  3710 | D:4      | Reached skill level 5 in Earth Magic
  4479 | D:4      | Found a burning altar of Makhleb.
  5235 | D:5      | Entered Level 5 of the Dungeon
  5340 | D:5      | Reached XP level 8. HP: 36/62 MP: 8/17
  5351 | D:5      | Found a radiant altar of Vehumet.
  5419 | D:5      | Found a sand-covered staircase.
  5491 | Ossuary  | Entered an ossuary
  5968 | Ossuary  | Reached skill level 5 in Conjurations
  6840 | D:5      | Got a diamond-encrusted leather armour
  6851 | D:5      | Identified the +1 leather armour "Ocomihiv" {*Corrode rElec
                  | Int+6} (You found it on level 5 of the Dungeon)
  7016 | D:5      | Reached skill level 5 in Dodging
  7179 | D:5      | Found an ancient bone altar of Kikubaaqudgha.
  7179 | D:5      | Found a blossoming altar of Fedhas.
  7299 | D:6      | Noticed Edmund
  7314 | D:6      | Killed Edmund
  7314 | D:6      | Reached skill level 6 in Earth Magic
  7333 | D:5      | Reached XP level 9. HP: 47/71 MP: 9/19
  7762 | D:6      | Found a shimmering altar of Xom.
  7763 | D:6      | Found an opulent altar of Gozag.
  7991 | D:6      | Reached skill level 1 in Evocations
  8330 | D:6      | Reached skill level 5 in Spellcasting
  8512 | D:7      | Found a flagged portal.
  8527 | Bailey   | Entered a bailey
  8606 | Bailey   | Noticed an orc knight
  8628 | Bailey   | Noticed an orc knight
  8942 | Bailey   | Killed an orc knight
  9023 | Bailey   | Killed an orc knight
  9279 | Bailey   | Found the +8 orange crystal plate armour {Archmagi, Int+3
                  | Clar}
  9342 | Bailey   | Reached skill level 7 in Earth Magic
 10017 | D:7      | Reached skill level 1 in Armour
 10270 | D:7      | Found a staircase to the Ecumenical Temple.
 10374 | D:7      | Found a hazy altar of Hepliaklqana.
 10493 | D:8      | Noticed a two-headed ogre
 10494 | D:8      | Noticed an elephant
 10497 | D:8      | Reached XP level 10. HP: 78/78 MP: 20/22
 10499 | D:8      | Killed a two-headed ogre
 11039 | D:8      | Noticed a two-headed ogre
 11043 | D:8      | Killed a two-headed ogre
 11255 | D:8      | Noticed Grum
 11261 | D:8      | Killed Grum
 11382 | D:8      | Found a staircase to the Lair.
 11448 | D:8      | Killed an elephant
 11919 | D:8      | Found an ornate altar of the Wu Jian Council.
 12002 | D:9      | Reached skill level 8 in Earth Magic
 12087 | D:9      | Found a staircase to the Orcish Mines.
 12866 | D:9      | Noticed Joseph
 12871 | D:9      | Killed Joseph
 12871 | D:9      | Reached skill level 5 in Evocations
 13043 | D:9      | Reached XP level 11. HP: 84/84 MP: 24/25
 13391 | D:10     | Entered Level 10 of the Dungeon
 13421 | D:10     | Identified the Reference Book on Destructive Darkness
 13590 | D:10     | Noticed Josephine
 13594 | D:10     | Killed Josephine
 14545 | D:10     | Noticed Fannar
 14867 | D:10     | Killed Fannar
 14867 | D:10     | Reached skill level 1 in Shields
 14867 | D:10     | Reached skill level 9 in Earth Magic
 15259 | D:11     | Noticed a two-headed ogre
 15268 | D:11     | Killed a two-headed ogre
 15268 | D:11     | Reached skill level 5 in Armour
 15331 | D:11     | Learned a level 3 spell: Mephitic Cloud
 15337 | D:11     | Learned a level 5 spell: Bolt of Magma
 15768 | D:11     | Reached skill level 1 in Fire Magic
 16115 | D:11     | Found a white marble altar of Elyvilon.
 16322 | Orc:1    | Entered Level 1 of the Orcish Mines
 16322 | Orc:1    | Found Pestyimo's Weapon Shoppe.
 16346 | Orc:1    | Noticed Maurice
 16358 | Orc:1    | Killed Maurice
 16478 | Orc:1    | Noticed Urug
 16486 | Orc:1    | Killed Urug
 17174 | Orc:2    | Entered Level 2 of the Orcish Mines
 17174 | Orc:2    | Found a staircase to the Elven Halls.
 17174 | Orc:2    | Found a roughly hewn altar of Beogh.
 17297 | Orc:2    | Paralysed by an orc sorcerer for 2 turns
 17310 | Orc:2    | Reached skill level 10 in Earth Magic
 17310 | Orc:2    | Reached XP level 12. HP: 42/91 MP: 8/28
 17429 | Orc:2    | Noticed an orc warlord
 18583 | D:12     | HP: 4/91 [something (4)]
 19156 | D:12     | Found a runed translucent gate.
 19156 | D:12     | Found a runed translucent gate.
 19157 | D:12     | Found a runed translucent gate.
 19160 | D:12     | Noticed misha's ghost (journeyman MfBe)
 19160 | D:12     | Noticed Lanoc's ghost (journeyman DsGl)
 19205 | D:12     | Noticed a four-headed hydra
 19215 | D:12     | Killed a four-headed hydra
 19554 | D:12     | Found Usmy's Antique Armour Emporium.
 19564 | D:12     | Bought a runed helmet for 240 gold pieces
 19564 | D:12     | Bought a brightly glowing leather armour for 224 gold
                  | pieces
 19574 | D:12     | Identified the +1 leather armour "Lorazuon" {rElec rF-
                  | Str+7 Dex-3} (You bought it in a shop on level 12 of the
                  | Dungeon)
 19668 | D:13     | HP: 4/91 [centaur (3)]
 19681 | D:13     | Noticed Rupert
 20127 | D:13     | Killed Rupert
 20401 | D:12     | Reached skill level 11 in Earth Magic
 20489 | D:12     | Learned a level 3 spell: Regeneration
 20495 | D:12     | Learned a level 5 spell: Irradiate
 21291 | D:13     | Reached skill level 5 in Shields
 21291 | D:13     | Reached skill level 10 in Conjurations
 21391 | D:13     | Reached XP level 13. HP: 95/96 MP: 18/30
 21791 | D:13     | You fall through a shaft for 2 floors!
 21791 | D:15     | Entered Level 15 of the Dungeon
 22355 | D:14     | Reached skill level 5 in Fire Magic
 22508 | D:14     | Found a portal to a secret trove of treasure.
 23084 | D:14     | Reached skill level 1 in Charms
 23084 | D:14     | Reached skill level 1 in Necromancy
 23084 | D:14     | Reached skill level 12 in Earth Magic
 23317 | D:14     | Found a gate to the Vaults.
 25867 | Orc:2    | Killed an orc warlord
 25916 | Orc:2    | Reached skill level 1 in Long Blades
 26214 | Orc:2    | Found Rimn's Antique Weapon Boutique.
 26796 | Orc:2    | Found Bodghyplo's Book Shop.
 27290 | Orc:2    | Reached XP level 14. HP: 105/105 MP: 6/32
 27666 | Orc:2    | Found Tunluod's Gadget Boutique.
 27667 | Orc:2    | Found Uboemua's Weapon Shoppe.
 27667 | Orc:2    | Found Cotaubo's Antique Weapon Shoppe.
 27705 | Orc:2    | Bought the +4 spear of Blind Justice {pierce, rC++} for 637
                  | gold pieces
 27814 | Lair:1   | Entered Level 1 of the Lair of Beasts
 27904 | Orc:2    | Bought a book of Beasts for 825 gold pieces
 27910 | Orc:2    | Learned a level 5 spell: Summon Mana Viper
 29129 | Lair:2   | Reached skill level 1 in Hexes
 29136 | Lair:2   | Reached skill level 1 in Summonings
 29778 | Lair:2   | Reached skill level 5 in Fighting
 30777 | D:12     | Killed misha's ghost
 32030 | Lair:3   | Found a hole to the Spider Nest.
 32301 | Lair:3   | Found a staircase to the Shoals.
 33094 | Lair:4   | Reached skill level 13 in Earth Magic
 33514 | Lair:4   | Reached skill level 10 in Spellcasting
 34565 | Lair:5   | Found a staircase to the Slime Pits.
 35642 | Lair:6   | Entered Level 6 of the Lair of Beasts
 35831 | Lair:6   | Reached skill level 5 in Summonings
 35853 | Lair:6   | Reached skill level 5 in Hexes
 37446 | Lair:6   | Reached XP level 15. HP: 113/113 MP: 32/33
 37586 | Lair:6   | Got a fine steel ring
 38501 | D:12     | Identified the cursed ring "Ciskoan" {+Blink rC+ EV-3
                  | Str+4} (You found it on level 6 of the Lair of Beasts)
 39015 | D:15     | Found a burning altar of Makhleb.
 39776 | D:15     | Found a glowing golden altar of the Shining One.
 39910 | D:15     | Found a staircase to the Depths.
 40003 | D:15     | Noticed Kirke
 40021 | D:15     | Killed Kirke
 40297 | Depths:1 | Entered Level 1 of the Depths
 40521 | Elf:1    | Entered Level 1 of the Elven Halls
 40864 | Elf:1    | Found Lishopigu's Weapon Shoppe.
 41060 | Elf:1    | Noticed Louise
 41076 | Elf:1    | Killed Louise
 42194 | Elf:1    | Found Vetigoe's Armour Emporium.
 42276 | Elf:1    | Found Deitoh's General Store.
 42277 | Elf:1    | Found Ecaosueg's General Store.
 42287 | Elf:1    | Bought a scroll of blinking for 75 gold pieces
 42719 | Elf:1    | Noticed a quicksilver dragon
 42719 | Elf:1    | a stone giant changed into a quicksilver dragon
 42724 | Elf:1    | Killed a quicksilver dragon
 44082 | Elf:2    | Identified the +2 trident of Kitath {drain, *Rage MP+9
                  | SInv}
 44663 | Elf:2    | Reached XP level 16. HP: 80/118 MP: 2/35
 44820 | Elf:2    | Found a runed translucent gate.
 44833 | Elf:2    | Found a runed translucent gate.
 44969 | Elf:2    | Found a runed translucent gate.
 45330 | Elf:2    | Reached skill level 10 in Summonings
 45380 | Elf:2    | Found Kuam's Antique Weapon Shop.
 45388 | Elf:2    | Bought a warped long sword for 340 gold pieces
 45388 | Elf:2    | Bought a brightly glowing mace for 320 gold pieces
 45388 | Elf:2    | Identified the +4 long sword of Ompo Henk {slice, rElec
                  | MR++} (You bought it in a shop on level 2 of the Elven
                  | Halls)
 45389 | Elf:2    | Identified the cursed +3 mace "Kunoygga" {drain, *Rage rC+
                  | rN+ Str+8} (You bought it in a shop on level 2 of the Elven
                  | Halls)
 45743 | Elf:3    | Entered Level 3 of the Elven Halls
 45743 | Elf:3    | Noticed Mara
 45754 | Elf:3    | Killed Mara
 47229 | Elf:3    | Noticed Nikola
 47266 | Elf:3    | Killed Nikola
 47271 | Elf:3    | Noticed Bai Suzhen
 48013 | Elf:3    | Killed Bai Suzhen
 48371 | Elf:3    | Noticed a deep elf blademaster
 48383 | Elf:3    | Noticed a deep elf master archer
 48641 | Elf:3    | Killed a deep elf blademaster
 49105 | Elf:3    | Noticed a deep elf master archer
 49118 | Elf:3    | Killed a deep elf master archer
 49414 | Elf:3    | Found Devo's Gadget Emporium.
 49635 | Elf:3    | Reached XP level 17. HP: 95/130 MP: 13/37
 50212 | Elf:3    | Reached skill level 14 in Earth Magic
 50427 | Elf:3    | Identified the +2 demon blade "Balith" {freeze, +Blink
                  | rPois rN+ Dex+2}
 50427 | Elf:3    | Identified the cursed +1 chain mail of Supple Strength
                  | {rElec}
 51714 | Elf:3    | Identified the Disquisition on Boosting Stolen Souls
 51722 | Elf:3    | Got a crystal falchion
 51725 | Elf:3    | Identified the +5 falchion of Fog Emmi {venom, rC+} (You
                  | found it on level 3 of the Elven Halls)
 51736 | Elf:3    | Identified the +9 shortbow "Jellyslayer" {flame, rC+ Str+3}
                  | (You found it on level 3 of the Elven Halls)
 51754 | Elf:3    | Identified the Collected Works on Creative Arcane Weapons
 52909 | Depths:1 | Found a gateway to a ziggurat.
 53492 | Depths:1 | Found a one-way gate to the infinite horrors of the Abyss.
 53642 | Depths:1 | Found a gateway to Hell.
 53675 | Depths:1 | HP: 6/132 [spark wasp (4)]
 54915 | Depths:1 | Demolished by an iron troll

Skill      XL: |  1  2  3  4  5  6  7  8  9 10 11 12 13 14 15 16 17 |
---------------+----------------------------------------------------+-----
Earth Magic    | 3 4 5 6 7 8 10 11 12 13 14 | 14.1
Dodging        | 2 3 4 5 |  5.0
Spellcasting   | 2 3 4 5 6 7 8 9 10 11 | 11.6
Conjurations   | 1 3 4 5 7 8 9 10 11 | 11.0
Fighting       | 1 2 3 4 5 6 7 |  7.0
Evocations     | 3 5 6 |  6.0
Armour         | 1 3 5 |  5.0
Shields        | 3 5 7 8 9 |  9.8
Fire Magic     | 2 4 5 |  5.0
Charms         | 3 |  3.0
Necromancy     | 3 |  3.0
Long Blades    | 1 2 4 |  4.0
Hexes          | 6 9 |  9.0
Summonings     | 6 9 11 12 | 12.8
Stealth        | |  1.7
Transmutations | |  0.8

Action                   |  1- 3 |  4- 6 |  7- 9 | 10-12 | 13-15 | 16-18 || total
-------------------------+-------+-------+-------+-------+-------+-------++-------
Melee: Mace              |    25 |     3 |       |       |       |       ||    28
       Unarmed           |     2 |       |       |       |       |       ||     2
       Dagger            |       |    40 |   243 |   211 |    18 |       ||   512
       Scimitar          |       |       |       |       |     5 |       ||     5
       Spear             |       |       |       |       |   115 |       ||   115
       Long sword        |       |       |       |       |       |     5 ||     5
       Demon blade       |       |       |       |       |       |    64 ||    64
 Cast: Sandblast         |    53 |    77 |    45 |     7 |     4 |       ||   186
       Stone Arrow       |       |    14 |   188 |   248 |   521 |   121 ||  1092
       Lee's Rapid Decon |       |       |    12 |    93 |   275 |   199 ||   579
       Bolt of Magma     |       |       |       |     8 |    50 |    30 ||    88
       Regeneration      |       |       |       |     1 |     1 |       ||     2
       Mephitic Cloud    |       |       |       |     1 |       |       ||     1
       Summon Mana Viper |       |       |       |       |    30 |    42 ||    72
 Abil: Evoke Flight      |       |       |       |       |       |     2 ||     2
Evoke: Wand              |       |       |       |     5 |     9 |    14 ||    28
  Use: Potion            |       |       |     1 |       |     4 |     6 ||    11
       Scroll            |       |       |       |     7 |    22 |    12 ||    41
 Stab: Sleeping          |     1 |     2 |     4 |     5 |       |       ||    12
       Distracted        |       |       |       |     1 |     1 |     3 ||     5
       Invisible         |       |       |       |       |     1 |       ||     1
  Eat: Chunk             |     2 |     8 |    20 |    28 |    44 |    15 ||   117
       Ration            |       |       |     3 |     6 |    11 |     5 ||    25
Armor: Robe              |    13 |    16 |    32 |       |       |       ||    61
       Leather armour    |       |       |    37 |   121 |   120 |    59 ||   337
Dodge: Dodged            |    41 |    55 |   274 |   296 |   161 |    95 ||   922
Block: Shield            |       |       |       |       |   136 |   100 ||   236
       Rpst.: Scimitar   |       |       |       |       |     1 |       ||     1
       Long sword        |       |       |       |       |       |     4 ||     4
       Demon blade       |       |       |       |       |       |     9 ||     9
